 Dungeon Crawl Stone Soup version 0.31-a0-331-geda263fcf1 (webtiles) character file.

Game seed: 5371611652619628873

6192 arthad the Fighter (level 10, -2/139 (141) HPs)
             Began as a Minotaur Fighter on July 20, 2023.
             Was a Believer of Makhleb.
             Killed from afar by Maggie (7 damage)
             ... with a bolt of fire
             ... on level 9 of the Dungeon.
             The game lasted 00:19:46 (7736 turns).

arthad the Fighter (Minotaur Fighter)               Turns: 7736, Time: 00:19:47

HP:   -2/139 (141)  AC: 25    Str: 25      XL:     10   Next: 60%
MP:   12/12         EV:  2    Int:  2 (5)  God:    Makhleb [**....]
Gold: 387           SH:  0    Dex: 10      Spells: 9/9 levels left

rFire   + . .        I - +1 battleaxe
rCold   + . .        (shield currently unavailable)
rNeg    . . .        J - melded +0 crystal plate armour
rPois   +            (helmet currently unavailable)
rElec   +            s - melded +0 cloak
rCorr   +            (gloves currently unavailable)
SInv    +            (boots currently unavailable)
Will    .....        (no amulet)
Stlth   +            g - ring of see invisible
HPRegen 0.43/turn    x - ring of resist corrosion
MPRegen 0.13/turn

%: no passive effects
@: tree-form, resistant, slowed, lightly drained, very slow
A: stationary, stasis, torment immunity, boosted hp, (horns 2), (retaliatory
headbutt)
a: Renounce Religion, Minor Destruction


You were on level 9 of the Dungeon.
You worshipped Makhleb.
Makhleb was pleased with you.
You were a tree.
You visited 2 branches of the dungeon, and saw 10 of its levels.

You collected 387 gold pieces.

Inventory:

Hand Weapons
 a - a +0 war axe
 d - a -1 demon whip of venom
 r - a +0 arbalest
 C - the +5 short sword of the Ubiquitous God {elec, rElec rN+ Int+3}
   (You found it on level 4 of the Dungeon)

   Int:       It affects your intelligence (+3).
   rElec:     It insulates you from electricity.
   rN:        It protects you from negative energy.
 I - a +1 battleaxe (weapon)
 S - a +0 shortbow of flaming
Missiles
 D - 2 boomerangs of dispersal
 N - 2 poisoned darts (quivered)
 P - 2 curare-tipped darts
Armour
 b - a +0 scale mail
 c - a +0 buckler
 s - a +0 cloak (melded)
 y - an orb of light
 B - the +0 leather armour of the Lute {Will- Str+4 Int+3}
   (You found it on level 4 of the Dungeon)

   Str:       It affects your strength (+4).
   Int:       It affects your intelligence (+3).
   Will:      It decreases your willpower.
 J - a +0 crystal plate armour (melded)
 O - +0 steam dragon scales
 Q - a +0 cloak
Jewellery
 g - a ring of see invisible (left branch)
 x - a ring of resist corrosion (right branch)
 K - a +6 ring of strength
Wands
 m - a wand of flame (11)
 A - a wand of digging (4)
 R - a wand of mindburst (13)
Scrolls
 e - a scroll of enchant weapon
 h - 4 scrolls of revelation {unknown}
 j - 5 scrolls of fog {unknown}
 k - a scroll of vulnerability {unknown}
 l - a scroll of noise {unknown}
 n - 13 scrolls of identify {unknown}
 p - 7 scrolls of teleportation {unknown}
 q - 6 scrolls of poison {unknown}
 t - 2 scrolls of immolation {unknown}
 u - a scroll of blinking {unknown}
 v - 3 scrolls of amnesia {unknown}
 w - a scroll of butterflies {unknown}
 G - 3 scrolls of fear {unknown}
 H - a scroll of silence {unknown}
Potions
 i - a potion of degeneration {unknown}
 o - 2 potions of lignification
 z - 2 potions of brilliance {unknown}
 E - a potion of ambrosia {unknown}
 F - 2 potions of magic {unknown}
 M - a potion of mutation {unknown}


   Skills:
 * Level 10.3 Fighting
 * Level 10.0 Axes
 * Level 10.3 Armour
 + Level 6.1 Dodging
 - Level 5.4 Shields
 + Level 4.4 Invocations


You had 9 spell levels left.
You didn't know any spells.
Your spell library contained the following spells:

 Spells                   Type           Power      Damage    Failure   Level
 Freeze                   Ice            0%         1d3       54%         1
 Blink                    Tloc           0%         N/A       69%         2
 Lesser Beckoning         Tloc           0%         N/A       69%         2
 Frozen Ramparts          Ice            0%         1d1       89%         3
 Gell's Gravitas          Tloc           0%         N/A       89%         3
 Hailstorm                Conj/Ice       0%         3d3       89%         3
 Teleport Other           Tloc           0%         N/A       89%         3
 Manifold Assault         Tloc           0%         N/A       100%        4
 Summon Ice Beast         Ice/Summ       0%         N/A       100%        4
 Freezing Cloud           Conj/Ice/Air   0%         6-21      100%        5
 Yara's Violent Unravell  Hex/Tmut       0%         3d3       100%        5


Dungeon Overview and Level Annotations

Branches:
Dungeon (9/15)             Temple (1/1) D:6
   Lair: D:8-11         Orc: D:9-12

Altars:
Ashenzari
Cheibriados
Dithmenos
Elyvilon
Fedhas
Gozag
Hepliaklqana
Kikubaaqudgha
Makhleb
Nemelex Xobeh
Ru
Sif Muna
Trog
Uskayaw
Vehumet
Yredelemnul
Zin
The Shining One

Shops:
D:4 =

Annotations:
D:9 Maggie, Prince Ribbit, Psyche


Innate Abilities, Weirdness & Mutations

You are a tree.
Your roots penetrate the ground, keeping you stationary.
You cannot be teleported.
You are immune to unholy pain and torment.
Your maximum health is greatly increased.
Your equipment is partially melded.
((You have a pair of horns on your head.))
((You reflexively headbutt those who attack you in melee.))


Message History

You feel protected.
The kobold brigand hits you but does no damage.
Maggie casts a spell.
Maggie attempts to bespell you! You resist with almost no effort.
Psyche hits you but does no damage.
You closely miss Psyche.
Psyche is heavily wounded.
You closely miss the kobold brigand. You closely miss Maggie.
Maggie gestures at you while chanting. The bolt of fire hits you. You resist.
* * * LOW HITPOINT WARNING * * *
The kobold brigand hits you but does no damage.
Psyche gestures wildly while chanting.
A swirling arc of seething chaos appears!
The arc of chaos hits you but does no damage.
Maggie hits you but does no damage.
The kobold brigand hits you but does no damage.
Psyche casts a spell.
A swirling arc of seething chaos appears!
The arc of chaos hits the kobold brigand.
The arc of chaos hits the kobold.
The kobold is poisoned.
The kobold dies!
Prince Ribbit hits you but does no damage.
You slice Psyche!!
Psyche is almost dead.
You slash Maggie! You slice the kobold brigand!! You hit Prince Ribbit.
Psyche hits you with a +1 dagger of chaos.
* * * LOW HITPOINT WARNING * * *
Prince Ribbit lets out a mournful croak.
Prince Ribbit hits you but does no damage.
Maggie gestures at you while chanting.
The bolt of fire hits you but does no damage.
The kobold brigand hits you with a +0 dagger.
* * * LOW HITPOINT WARNING * * *
Psyche miscasts a cantrip.
Prince Ribbit hits you.
* * * LOW HITPOINT WARNING * * *
Maggie casts a spell at you. The bolt of fire hits you! You resist.
You die...

.[ .#
.##..##....##..##..# ##
..##..##....##.}##..# #.
..##).##D.D:##..##..###.
.###..######..###..#...
.##[..####.$.##..##...
###........###.##....
###......###........
##♣F....##.........
.....)K@@....†..#....#..
......KK.....)..#...##..
.............#..........
............###........#
......#.#....##......###
.............#........#.
.......##....#........#.
... #..........


You could see a six-headed hydra, Maggie, Psyche, Prince Ribbit, a steam dragon,
2 kobold brigands and a kobold.

Vanquished Creatures
  Amaemon (D:8)
  Pikel (D:8)
  A kobold demonologist (D:9)
  3 wyverns
  6 yaks
  2 steam dragons (D:7)
  A water moccasin (D:8)
  2 orc warriors (D:7)
  4 sky beasts
  2 ogres
  5 centaurs
  2 lemures (D:8)
  A phantom (D:5)
  4 kobold brigands
  Blork the orc (D:6)
  4 bullfrogs
  3 scorpions
  6 killer bees (D:8)
  6 howler monkeys
  A gnoll bouda (D:5)
  9 orc priests
  2 hounds
  A jelly (D:4)
  5 iguanas
  4 orc wizards
  8 gnolls
  8 adders
  A shadow imp (D:7)
  3 white imps
  2 dart slugs (D:2)
  23 orcs
  9 endoplasms
  A giant cockroach (D:1)
  13 goblins
  5 hobgoblins
  7 jackals
  3 quokkas
  4 ball pythons
  2 bats
  3 frilled lizards
  10 kobolds
  8 rats
187 creatures vanquished.

Vanquished Creatures (others)
  A kobold (D:9)
1 creature vanquished.

Grand Total: 188 creatures vanquished

Notes
Turn   | Place    | Note
-------+----------+-------------------------------------------
     0 | D:1      | arthad the Minotaur Fighter began the quest for the Orb.
     0 | D:1      | Reached XP level 1. HP: 19/19 MP: 0/0
    84 | D:1      | Reached XP level 2. HP: 27/27 MP: 1/1
   491 | D:2      | Reached XP level 3. HP: 23/33 MP: 2/2
   689 | D:2      | Reached skill level 1 in Dodging
   689 | D:2      | Reached XP level 4. HP: 41/41 MP: 3/3
  1055 | D:3      | Found a faded altar of an unknown god.
  1751 | D:3      | Noticed an ogre
  1772 | D:3      | Killed an ogre
  1773 | D:3      | Reached XP level 5. HP: 24/47 MP: 4/4
  2154 | D:4      | Found Xiaduacu's Jewellery Shop.
  2238 | D:4      | Got Sif Muna's Anthology of Numb Transfiguration
  2329 | D:4      | Reached skill level 5 in Fighting
  2329 | D:4      | Reached skill level 5 in Armour
  2400 | D:4      | Reached XP level 6. HP: 45/56 MP: 5/5
  2493 | D:4      | Identified the +0 leather armour of the Lute {Will- Str+4
                  | Int+3}
  2725 | D:4      | Identified the +5 short sword of the Ubiquitous God {elec,
                  | rElec rN+ Int+3}
  2920 | D:5      | Entered Level 5 of the Dungeon
  3034 | D:5      | Reached XP level 7. HP: 62/62 MP: 6/6
  3038 | D:5      | Reached skill level 5 in Axes
  3038 | D:5      | Reached skill level 5 in Shields
  3936 | D:6      | Found a staircase to the Ecumenical Temple.
  3944 | Temple   | Entered the Ecumenical Temple
  3970 | Temple   | Became a worshipper of Makhleb the Destroyer
  4176 | D:6      | Noticed Blork the orc
  4180 | D:6      | Killed Blork the orc
  4181 | D:6      | Reached XP level 8. HP: 71/71 MP: 7/7
  4394 | D:6      | Reached skill level 1 in Invocations
  5334 | D:7      | Reached XP level 9. HP: 41/81 MP: 9/9
  5573 | D:7      | Reached * piety under Makhleb
  6045 | D:8      | Found a shadowy altar of Dithmenos.
  6490 | D:8      | Found a broken altar of Ashenzari.
  6521 | D:8      | Reached skill level 5 in Dodging
  6666 | D:8      | Found a glowing silver altar of Zin.
  6894 | D:9      | Noticed Pikel
  6902 | D:8      | Reached XP level 10. HP: 42/91 MP: 11/11
  7043 | D:9      | Noticed an orange demon
  7044 | D:9      | Noticed Amaemon
  7071 | D:8      | Killed Amaemon
  7438 | D:8      | Killed Pikel
  7537 | D:9      | Reached skill level 10 in Fighting
  7585 | D:9      | Noticed a six-headed hydra
  7586 | D:9      | Noticed a manticore
  7591 | D:9      | Reached skill level 10 in Armour
  7714 | D:9      | Noticed Maggie
  7715 | D:9      | Noticed Prince Ribbit
  7721 | D:9      | Reached ** piety under Makhleb
  7721 | D:9      | Noticed Psyche
  7734 | D:9      | Reached skill level 10 in Axes
  7736 | D:9      | HP: 6/139 [kobold brigand/+0 dagger (2)]
  7736 | D:9      | Killed from afar by Maggie

Illustrated notes

Levels and vault maps discovered:
D:1:      saegor_arrival_simple_e, layout_rooms
D:2:      layout_rooms
D:3:      layout_loops_corners, ebering_ecumenical_altar_petrified,
          serial_park_tiny_2, minmay_ogre_servants
D:4:      layout_loops_corners, serial_shops, shop
D:5:      layout_basic
D:6:      layout_gridville, minmay_temple_entry_wispy, uniq_blork_the_orc
D:7:      layout_loops_corners
D:8:      layout_rooms, zin_statuary, nicolae_dithmenos_the_darkroom,
          mainiacjoe_overflow_surrounded_room, serial_rivers,
          chequers_serial_rivers_micro_b, chequers_serial_rivers_small_3,
          chequers_serial_rivers_small_3, chequers_serial_rivers_small_3,
          chequers_serial_rivers_micro_b, nrook_campfire
D:9:      layout_cave_pools, grunt_lair_entry_orc_guard_hut, david_orc_4,
          serial_shops, shop, minmay_mirror_moons_of_madness, uniq_pikel,
          uniq_prince_ribbit1, uniq_maggie, uniq_psyche, uniq_amaemon,
          uniq_harold
Temple:   hellmonk_temple_of_storms

Skill      XL: |  1  2  3  4  5  6  7  8  9 10 |
---------------+-------------------------------+-----
Fighting       | 4 5 6 7 9 10 | 10.3
Armour         | 4 5 6 7 9 10 | 10.3
Axes           | 3 4 6 7 9 10 | 10.0
Shields        | 4 5 |  5.4
Dodging        | 1 2 3 4 5 6 |  6.1
Invocations    | 2 3 4 |  4.4

Action                     |  1- 3 |  4- 6 |  7- 9 | 10-12 || total
---------------------------+-------+-------+-------+-------++-------
  Melee: War axe           |    62 |   132 |    51 |       ||   245
         Headbutt          |     7 |    17 |    43 |    10 ||    77
         Battleaxe         |       |       |   202 |    69 ||   271
  Evoke: Wand              |       |       |       |     2 ||     2
    Use: Potion            |       |     1 |     1 |     8 ||    10
         Scroll            |       |       |       |     1 ||     1
 Armour: Scale mail        |    33 |    52 |    35 |       ||   120
         Skin              |       |    14 |       |    23 ||    37
         Crystal plate arm |       |       |   188 |   119 ||   307
  Dodge: Dodged            |    32 |    63 |   124 |    50 ||   269
  Block: Buckler           |    17 |    32 |    15 |       ||    64

Table legend: (Time is in decaauts)
 A = Elapsed time spent in this place.
 B = Non-inter-level travel time spent in this place.
 C = Inter-level travel time spent in this place.
 D = Time resting spent in this place.
 E = Time spent auto-exploring this place.
 F = Levels seen in this place.
 G = Mean time per level.
                   A        B        C        D        E       F      G
               +--------+--------+--------+--------+--------+-----+--------+
         Total |   7927 |   7547 |    380 |    644 |   5598 |  10 |  792.7 |
       Dungeon |   7880 |   7537 |    343 |    644 |   5598 |   9 |  875.6 |
        Temple |     46 |      9 |     37 |      0 |      0 |   1 |   46.0 |
               +--------+--------+--------+--------+--------+-----+--------+

Top non-repeatable levels by time:
     D:8: 1771 daAuts
     D:7: 1221 daAuts
     D:3: 1086 daAuts
     D:4: 1007 daAuts
     D:5: 841 daAuts
     D:6: 641 daAuts
     D:2: 617 daAuts
     D:1: 437 daAuts
     D:9: 255 daAuts
  Temple: 46 daAuts
